 Dungeon Crawl Stone Soup version 0.31-a0-675-g238779eb0a (webtiles) character file.

Game seed: 3907332757464580146

259 qw the Shooter (level 6, -12/38 HPs)
             Began as a Gargoyle Hunter on Sept 5, 2023.
             Mangled by an iguana (17 damage)
             ... on level 4 of the Dungeon.
             The game lasted 00:01:10 (2768 turns).

qw the Shooter (Gargoyle Hunter)                    Turns: 2768, Time: 00:01:11

Health: -12/38     AC:  9    Str: 14    XL:     6   Next: 17%
Magic:  6/6        EV: 10    Int: 10    God:
Gold:   208        SH:  0    Dex: 15    Spells: 5/5 levels left

rFire   . . .        Y - +0 shortbow (chaos)
rCold   . . .        (shield currently unavailable)
rNeg    + . .        g - +0 ring mail
rPois   inf          (no helmet)
rElec   +            (no cloak)
rCorr   .            (no gloves)
SInv    .            (no boots)
Will    .....        (no amulet)
Stlth   +            (no ring)
HPRegen 0.26/turn    (no ring)
MPRegen 0.10/turn

%: no passive effects
@: no status effects
A: sickness immunity, AC +4, negative energy resistance 1, electricity
resistance, torment resistance 1, petrification resistance
a: no special abilities


You were on level 4 of the Dungeon.
You visited 2 branches of the dungeon, and saw 5 of its levels.

You collected 208 gold pieces.


Innate Abilities, Weirdness & Mutations

You are immune to sickness and miasma.
Your stone body is resilient. (AC +4)
You are immune to poison.
You resist negative energy. (rN+)
You are resistant to electric shocks. (rElec)
You are resistant to unholy torment.
You are immune to petrification.


   Skills:
 - Level 4.0 Fighting
 + Level 6.3 Ranged Weapons
 - Level 1.0 Armour
 - Level 1.5 Dodging
 - Level 1.1 Stealth


You had 5 spell levels left.
You didn't know any spells.
Your spell library was empty.

Inventory:

Hand Weapons
 Y - a +0 shortbow of chaos (weapon)
Armour
 g - a +0 ring mail (worn)
Scrolls
 b - a scroll of identify
 f - 3 scrolls of teleportation
Potions
 c - a potion of cancellation {unknown}
 d - a potion of ambrosia {unknown}
 e - a potion of might {unknown}
 i - a potion of enlightenment {unknown}
 l - 2 potions of curing

Dungeon Overview and Level Annotations

Branches:
Dungeon (4/15)             Temple (1/1) D:4

Altars:
Ashenzari
Cheibriados
Dithmenos
Fedhas
Gozag
Makhleb
Nemelex Xobeh
Sif Muna
Uskayaw
Vehumet
Xom
The Shining One

Shops:
D:1 :

Annotations:
D:3 1 runed translucent door, qw's ghost, amateur GrHs


Message History

You kill the ball python!
There is an escape hatch in the floor here.
An adder comes into view.
Found a stone staircase leading down.
The adder hisses angrily.
Enter note:
Enter note: You shoot an arrow.
The arrow hits the adder!
The adder is poisoned.
The adder is almost dead.
You kill the adder!
You now have 208 gold pieces (gained 8).
An iguana comes into view.
You shoot an arrow. The arrow barely misses the iguana.
You shoot an arrow. The arrow hits the iguana.
The arrow freezes the iguana.
The iguana is lightly wounded.
You shoot an arrow. The arrow closely misses the iguana.
You shoot an arrow. The arrow barely misses the iguana.
The iguana hisses menacingly.
The iguana bites you but does no damage. x2
You shoot an arrow.
The arrow hits the iguana but does no damage.
The iguana is poisoned.
The iguana is lightly wounded.
The iguana barely misses you.
You shoot an arrow. The arrow closely misses the iguana.
The iguana closely misses you.
You shoot an arrow. The arrow barely misses the iguana.
The iguana closely misses you.
You shoot an arrow.
The arrow hits the iguana but does no damage.
The iguana is moderately wounded.
The iguana closely misses you.
You shoot an arrow.
The arrow hits the iguana but does no damage.
The iguana seems to grow stronger.
The iguana is heavily wounded.
The iguana bites you!!
You shoot an arrow. The arrow barely misses the iguana.
The iguana bites you! x2
You die...

## .### ###############
...######.............#
.#...............####.#
########.#.#####.#
#%###.# #@# #####...
...>...#l....# ........
##.#### ###..# ####
#####... .# #..# #... #
#.#.###.. #..# #.## .#
#.#......##. #..#
#####.## [# #.... ..#.#
#..# #....... .# ...#.#
#...# #..# #.#..... .#
#.##..###.#.# #.(#
##.#.#.##


You could see an iguana (strong, poisoned).

Vanquished Creatures
  2 orc priests (D:3)
  3 orc wizards (D:3)
  An adder (D:4)
  7 worms
  3 dart slugs
  3 orcs (D:3)
  8 ball pythons
  6 bats
  11 endoplasms
  3 giant cockroaches
  8 goblins
  4 hobgoblins
  3 jackals (D:3)
  6 kobolds
  3 quokkas
  4 frilled lizards
  12 rats
87 creatures vanquished.

Notes
Turn   | Place    | Note
-------+----------+-------------------------------------------
     0 | D:1      | qw the Gargoyle Hunter began the quest for the Orb.
     0 | D:1      | Reached XP level 1. HP: 12/12 MP: 1/1
     0 | D:1      | 0 ||| qw: Version: 0.3-a-75-g829b12e
     0 | D:1      | 0 ||| qw: Game counter: 204
     0 | D:1      | 0 ||| qw: Melee chars always use a shield: true
     0 | D:1      | 0 ||| qw: God list: Okawaru
     0 | D:1      | 0 ||| qw: Allow faded altars: false
     0 | D:1      | 0 ||| qw: Do Orc after clearing Dungeon:15 true
     0 | D:1      | 0 ||| qw: Do second Lair branch before Depths: true
     0 | D:1      | 0 ||| qw: Lair rune preference: random
     0 | D:1      | 0 ||| qw: Goals: Normal
     0 | D:1      | 0 ||| PLANNING D:1-11
    65 | D:1      | Reached XP level 2. HP: 17/17 MP: 2/2
   236 | D:1      | Found Tul Acoh's Vocational Training.
   489 | D:1      | Reached XP level 3. HP: 21/21 MP: 3/3
   503 | D:1      | Reached skill level 5 in Ranged Weapons
   938 | D:1      | 938 ||| UPGRADING to +0 ring mail.
   948 | D:1      | 948 ||| DROPPING +0 leather armour.
   949 | D:1      | 949 ||| READING scroll labelled YCO KORAIXAFE.
   950 | D:1      | 950 ||| READING 2 scrolls labelled CIUTTI CIES.
   954 | D:1      | 954 ||| READING scroll labelled KOSUCZ RADYET.
   955 | D:1      | 955 ||| READING 3 scrolls labelled NEBYPP KECWA.
   972 | D:1      | 972 ||| READING scroll labelled AWOOCV DUPPEHE.
   973 | D:1      | 973 ||| READING scroll labelled PYVIFR OTZIESO.
   974 | D:1      | 974 ||| DROPPING scroll of butterflies.
   975 | D:1      | 975 ||| DROPPING 2 scrolls of torment.
   996 | D:2      | 996 ||| STAIRDANCE
  1046 | D:2      | Reached skill level 1 in Armour
  1159 | D:2      | Reached XP level 4. HP: 27/27 MP: 4/4
  1174 | D:2      | Reached skill level 3 in Fighting
  1355 | D:2      | 1355 ||| READING 2 scrolls of identify.
  1355 | D:2      | 1355 ||| IDENTIFYING glowing sapphire potion
  1356 | D:2      | 1356 ||| DROPPING potion of degeneration.
  1466 | D:3      | Found a faded altar of an unknown god.
  1497 | D:3      | 1497 ||| FLEEEEING.
  1498 | D:3      | 1498 ||| FLEEEEING.
  1509 | D:3      | 1509 ||| FLEEEEING.
  1515 | D:3      | 1515 ||| FLEEEEING.
  1516 | D:3      | 1516 ||| STAIRDANCE
  1551 | D:2      | 1551 ||| READING scroll labelled CAOFINKAEC.
  1560 | D:3      | 1560 ||| STAIRDANCE
  1599 | D:3      | Reached XP level 5. HP: 13/32 MP: 5/5
  1717 | D:3      | Reached skill level 6 in Ranged Weapons
  2052 | D:3      | Reached XP level 6. HP: 38/38 MP: 6/6
  2310 | D:3      | Found a runed translucent door.
  2314 | D:3      | Noticed qw's ghost (amateur GrHs)
  2514 | D:3      | 2514 ||| READING 3 scrolls labelled NOPTAI GUIF.
  2515 | D:3      | 2515 ||| READING scroll labelled FIUNIO ITIA.
  2516 | D:3      | 2516 ||| DRINKING 2 cyan potions.
  2517 | D:3      | 2517 ||| DROPPING 2 scrolls of blinking.
  2626 | D:4      | Found a staircase to the Ecumenical Temple.
  2627 | D:4      | 2627 ||| PLANNING TEMPLE
  2637 | Temple   | Entered the Ecumenical Temple
  2638 | Temple   | 2638 ||| PLANNING D:1-11
  2768 | D:4      | HP: 5/38 [iguana (15)]
  2768 | D:4      | Mangled by an iguana

Levels and vault maps discovered:
D:1:      enne_arrival_octagon_isle, layout_basic, nicolae_shop_vocational
D:2:      layout_rooms, reono_crystal_passage
D:3:      layout_loops_ring, ebering_ghost_reflecting_pool,
          hellmonk_ecumenical_altar_run_dry
D:4:      layout_loops_ring, nicolae_overflow_crystal_walls,
          minmay_temple_entry_wispy
Temple:   nicolae_temple_bog_church

Skill      XL: |  1  2  3  4  5 |
---------------+----------------+-----
Ranged Weapons | 5 6 |  6.3
Armour         | 1 |  1.0
Fighting       | 3 4 |  4.0
Dodging        | |  1.5
Stealth        | |  1.1

Action                     |  1- 3 |  4- 6 || total
---------------------------+-------+-------++-------
   Fire: Shortbow          |   124 |   137 ||   261
    Use: Scroll            |     6 |     4 ||    10
         Potion            |       |     1 ||     1
 Armour: Leather armour    |    12 |       ||    12
         Ring mail         |     8 |    48 ||    56
  Dodge: Dodged            |    28 |    30 ||    58

Table legend:
 A = Non-vault XP
 B = Vault XP
 C = Vault XP percentage of total XP
 D = Non-vault monster count
 E = Vault monster count
 F = Vault count percentage of total count
                 A         B        C        D         E       F
            +---------+---------+-------+---------+---------+-------
      Total |     370 |       0 |   0.0 |      87 |       0 |   0.0
            +---------+---------+-------+---------+---------+-------
        D:1 |      59 |       0 |   0.0 |      34 |       0 |   0.0
        D:2 |      52 |       0 |   0.0 |      21 |       0 |   0.0
        D:3 |     234 |       0 |   0.0 |      24 |       0 |   0.0
        D:4 |      25 |       0 |   0.0 |       8 |       0 |   0.0
            +---------+---------+-------+---------+---------+-------
